 Dungeon Crawl Stone Soup version 0.16.2-12-gd0ad4c3 (webtiles) character file.

19306 faibistes the Thaumaturge (level 12, -8/70 HPs)
             Began as a Deep Elf Wizard on Sept 24, 2018.
             Was the Champion of Sif Muna.
             Mangled by a six-headed hydra (14 damage)
             ... on level 4 of the Lair of Beasts.
             The game lasted 01:06:26 (20617 turns).

faibistes the Thaumaturge (Deep Elf Wizard)        Turns: 20617, Time: 01:06:26

Health: -8/70      AC:  7    Str:  4    XL:     12   Next: 35%
Magic:  7/35       EV: 17    Int: 29    God:    Sif Muna [******]
Gold:   225        SH:  0    Dex: 16    Spells: 11 memorised, 0 levels left

rFire  + . .     SeeInvis +     w - +5 dagger (venom)
rCold  . . .     Clarity  .     r - +1 robe {rF+}
rNeg   . . .     SustAb   .     (no shield)
rPois  .         Gourm    .     t - +2 hat
rElec  .         Spirit   .     (no cloak)
rCorr  .         Warding  .     J - +1 pair of gloves {Dex+3}
rMut   +         Stasis   .     (no boots)
MR     +....                    D - amulet of resist mutation
Stlth  ++........               H - ring of wizardry
                                y - ring of see invisible

@: about to teleport, repel missiles, somewhat resistant to hostile
enchantments, unstealthy
A: no striking features
a: Channel Energy, Forget Spell, Renounce Religion


You were on level 4 of the Lair of Beasts.
You worshipped Sif Muna.
Sif Muna was exalted by your worship.
You were not hungry.

You visited 4 branches of the dungeon, and saw 21 of its levels.

You collected 1137 gold pieces.
You spent 912 gold pieces at shops.

Inventory:

Hand weapons
 l - a +0 dagger of flaming
 w - a +5 dagger of venom (weapon)
Armour
 a - a +0 robe
 r - a +1 robe of fire resistance (worn)
 t - a +2 hat (worn)
 J - a +1 pair of gloves of dexterity (worn)
Jewellery
 y - a ring of see invisible (left hand)
 D - an amulet of resist mutation (around neck)
 H - a ring of wizardry (right hand)
Magical devices
 c - a wand of teleportation (4)
 e - a wand of slowing (13)
 j - a wand of cold (7)
 I - a wand of flame (17)
 K - a wand of disintegration (17)
Scrolls
 b - 5 scrolls of magic mapping
 i - 2 scrolls of immolation
 k - a scroll of teleportation
 n - 3 scrolls of recharging
 o - 4 scrolls of fog
 s - 3 scrolls of remove curse
 E - a scroll of blinking
 F - 3 scrolls of identify
 L - a scroll of silence
Potions
 g - 2 potions of ambrosia
 m - 2 potions of lignification
 p - 3 potions of restore abilities
 q - 5 potions of curing
 u - 3 potions of cancellation
 v - a potion of magic {unknown}
 A - a potion of brilliance
 B - 2 potions of berserk rage
 C - 4 potions of resistance
Books
 M - a book of Air

   Spells                             Type                      Level
   a - Shock                          Conjuration/Air              1
   b - Swiftness                      Charms/Air                   2
   c - Repel Missiles                 Charms/Air                   2
   d - Flight                         Charms/Air                   3
   e - Static Discharge               Conjuration/Air              3
   f - Lightning Bolt                 Conjuration/Air              5
Comestibles
 d - 7 bread rations
 f - 14 slices of pizza
 h - 14 chunks of flesh
 x - 2 beef jerkies
 z - 6 meat rations
 G - 12 fruits


   Skills:
 + Level 6.0 Fighting
 + Level 7.8 Dodging
 - Level 2.4 Stealth
 * Level 13.3 Spellcasting
 + Level 6.3 Conjurations
 + Level 4.8 Charms
 - Level 5.0 Summonings
 + Level 3.8 Translocations
 - Level 3.2 Transmutations
 + Level 5.2 Fire Magic
 - Level 5.1 Ice Magic
 - Level 5.2 Air Magic
 * Level 3.8 Earth Magic
 - Level 3.0 Poison Magic
 * Level 5.2 Invocations
 + Level 5.7 Evocations


You couldn't memorise any spells.
You knew the following spells:

 Your Spells              Type           Power        Failure   Level  Hunger
a - Magic Dart            Conj           ####         1%          1    None
b - Conjure Flame         Conj/Fire      ######..     1%          3    None
c - Summon Ice Beast      Ice/Summ       #####...     1%          4    None
d - Blink                 Tloc           N/A          1%          2    None
e - Mephitic Cloud        Conj/Pois/Air  #####...     1%          3    None
f - Repel Missiles        Chrm/Air       #####.       1%          2    None
g - Airstrike             Air            #####.....   1%          4    None
h - Petrify               Trmt/Erth      #####...     4%          4    None
i - Iskenderun's Battles  Conj/Chrm      ######..     4%          5    #......
v - Lightning Bolt        Conj/Air       ######....   4%          5    #......
z - Iskenderun's Mystic   Conj           ######..     1%          4    None


Dungeon Overview and Level Annotations

Branches:
Dungeon (12/15)            Temple (1/1) D:5            Lair (4/8) D:10
    Orc (4/4) D:9             Elf (0/3) Orc:3
  Swamp: Lair:3-6    Shoals: Lair:3-6     Snake: Lair:3-6    Spider: Lair:3-6

Altars:
Ashenzari
Cheibriados
Dithmenos
Elyvilon
Fedhas
Gozag
Kikubaaqudgha
Makhleb
Nemelex Xobeh
Okawaru
Qazlal
Ru
Sif Muna
Trog
Vehumet
Xom
Yredelemnul
Zin
The Shining One
Beogh

Shops:
D:9 :%}   D:11 [   Orc:1 =


Message History

A death yak comes into view.
The death yak bellows!
The komodo dragon hisses menacingly.
A death yak comes into view.
A death yak comes into view.
The death yak bellows!
Your ice beast disappears in a puff of smoke!
Read which item? (? for menu, Esc to quit)
As you read the scroll of teleportation, it crumbles to dust.
You feel strangely unstable.
The death yak bellows!
The komodo dragon bites you!
* * * LOW HITPOINT WARNING * * *
The crocodile closely misses you. The komodo dragon closely misses you.
The six-headed hydra bites you.
* * * LOW HITPOINT WARNING * * *
The six-headed hydra bites you.
* * * LOW HITPOINT WARNING * * *
The six-headed hydra bites you!
You die...

...##
##........##....##.....
...P
#..Y#...#.#........###
##....P.#.#.....##P.###
##........[.............
........................
........................
........................
##.......D...............
#.......@tlP##.#.........
#.......##Y.####.........
#............#....#..#.#
...................#####
+............##....##P##
........Y...##.........
.......#Y...##.รท..#P...
......#..#.###...#####+
.......#..####.....#


You could see a death yak, a six-headed hydra, a komodo dragon, a crocodile and
a friendly ice beast.

Vanquished Creatures
  Harold (Lair:1)
  A hydra (Lair:2)
  Erolcha (Orc:2)
  3 hill giants (D:10)
  A griffon (Lair:4)
  6 spiny frogs
  A kobold demonologist (D:11)
  A fire drake (Lair:3)
  A komodo dragon (Lair:1)
  2 trolls
  Prince Ribbit (D:4)
  A trapdoor spider zombie (D:10)
  A two-headed ogre (D:8)
  8 blink frogs
  2 wyverns (D:10)
  A human (D:8)
  2 hippogriffs
  16 yaks
  Eustachio (D:4)
  A hungry ghost (D:9)
  2 deep elf magi (D:10)
  A water moccasin (Lair:1)
  8 porcupines
  2 sky beasts
  3 orc warriors
  An ice beast (D:6)
  3 centaurs
  6 ogres
  2 black bears
  4 crocodiles
  A gnoll sergeant (D:7)
  A wyvern zombie (D:9)
  3 giant frogs
  2 scorpions (D:4)
  10 killer bees
  5 wights
  2 crimson imps
  2 jellies
  2 giant frog skeletons
  9 orc priests
  2 centaur skeletons (D:9)
  5 hounds
  12 iguanas
  21 orc wizards
  A gnoll shaman (D:8)
  11 worker ants
  3 sheep (D:8)
  A killer bee zombie (D:8)
  A hound zombie (D:10)
  8 gnolls
  A shadow imp (D:7)
  15 adders
  4 giant mites
  25 river rats
  3 worms
  An ufetubus (D:11)
  2 adder zombies
  9 giant geckos
  An ooze (D:4)
  109 orcs
  A bat skeleton (D:6)
  7 giant cockroaches
  19 hobgoblins
  10 jackals
  15 kobolds
  7 quokkas
  11 bats
  2 giant gecko skeletons
  2 giant gecko zombies
  7 giant newts
  25 goblins
  12 rats
474 creatures vanquished.

Vanquished Creatures (collateral kills)
  A black mamba (Lair:1)
  A spiny frog (Lair:3)
  A hungry ghost (D:9)
  A water moccasin (Lair:4)
  A porcupine (Lair:4)
  An ice beast (D:10)
  3 orc warriors (Orc:1)
  A giant frog (Lair:2)
  A wight (D:9)
  A crimson imp (D:10)
  An orc priest (Orc:3)
  3 orc wizards
  8 river rats (Lair:3)
  24 orcs
  A bat skeleton (D:8)
  2 hobgoblins
  A goblin (D:4)
  A kobold (D:1)
53 creatures vanquished.

Vanquished Creatures (others)
  8 ice beasts
  4 fungi
  5 plants
17 creatures vanquished.

Grand Total: 544 creatures vanquished

Notes
Turn   | Place    | Note
--------------------------------------------------------------
     0 | D:1      | faibistes, the Deep Elf Wizard, began the quest for the Orb.
     0 | D:1      | Reached XP level 1. HP: 10/10 MP: 6/6
   350 | D:1      | Reached XP level 2. HP: 15/15 MP: 5/10
   355 | D:1      | Learned a level 2 spell: Blink
   358 | D:1      | Learned a level 2 spell: Call Imp
   720 | D:1      | Reached skill level 5 in Spellcasting
  1281 | D:2      | Reached XP level 3. HP: 17/19 MP: 12/14
  1301 | D:2      | Learned a level 3 spell: Conjure Flame
  1305 | D:2      | Learned a level 3 spell: Mephitic Cloud
  1569 | D:3      | Noticed a sky beast
  1653 | D:3      | Killed a sky beast
  1653 | D:3      | Reached skill level 6 in Spellcasting
  1653 | D:3      | Reached XP level 4. HP: 24/24 MP: 5/18
  1653 | D:3      | Reached XP level 5. HP: 28/28 MP: 5/20
  1825 | D:3      | Found a glowing drain.
  2056 | D:3      | Learned a level 2 spell: Repel Missiles
  2842 | D:3      | Reached skill level 7 in Spellcasting
  2842 | D:3      | Reached XP level 6. HP: 27/32 MP: 19/23
  3456 | D:3      | Found a white marble altar of Elyvilon.
  3541 | D:5      | Entered Level 5 of the Dungeon
  3541 | D:5      | Noticed Eustachio
  3665 | D:4      | Noticed a centaur
  3723 | D:4      | Learned a level 4 spell: Airstrike
  4072 | D:4      | Reached skill level 1 in Evocations
  4189 | D:4      | Found a shadowy altar of Dithmenos.
  4211 | D:4      | Noticed an ogre
  4225 | D:4      | Killed an ogre
  4225 | D:4      | Reached skill level 1 in Fighting
  4225 | D:4      | Reached XP level 7. HP: 36/38 MP: 14/25
  4355 | D:4      | Reached skill level 8 in Spellcasting
  4444 | D:4      | Noticed Prince Ribbit
  4464 | D:4      | Noticed an ogre
  4475 | D:4      | Killed an ogre
  4535 | D:4      | Killed Prince Ribbit
  4802 | D:4      | Killed Eustachio
  4802 | D:4      | Reached skill level 9 in Spellcasting
  4802 | D:4      | Reached XP level 8. HP: 44/46 MP: 17/28
  5022 | D:4      | Reached skill level 5 in Dodging
  6072 | D:5      | Reached skill level 10 in Spellcasting
  7365 | D:6      | Reached XP level 9. HP: 52/52 MP: 16/30
  7722 | D:5      | Found a staircase to the Ecumenical Temple.
  7727 | Temple   | Entered the Ecumenical Temple
  7798 | Temple   | Became a worshipper of Sif Muna the Loreminder
  8478 | D:7      | Learned a level 4 spell: Summon Ice Beast
  8483 | D:7      | Learned a level 4 spell: Throw Icicle
  8536 | D:7      | Found a deep blue altar of Sif Muna.
  8568 | D:8      | Reached skill level 1 in Poison Magic
  8874 | D:8      | Reached skill level 1 in Fire Magic
  9079 | D:8      | Reached skill level 11 in Spellcasting
  9338 | D:9      | Acquired Sif Muna's first power
  9338 | D:9      | Reached skill level 1 in Air Magic
  9481 | D:8      | Reached skill level 1 in Ice Magic
  9781 | D:9      | Found a staircase to the Orcish Mines.
 10383 | D:8      | Acquired Sif Muna's second power
 10621 | D:8      | Reached XP level 10. HP: 58/58 MP: 28/32
 10694 | D:8      | Found a blossoming altar of Fedhas.
 10956 | D:8      | Reached skill level 5 in Conjurations
 11228 | D:9      | Found Saer's Book Shop.
 11331 | D:10     | Entered Level 10 of the Dungeon
 11554 | D:9      | Found Plai's Gadget Boutique.
 11884 | D:9      | Found Bouzozya's Food Emporium.
 12325 | D:11     | Found Shrustuyh's Antique Armour Boutique.
 12334 | D:11     | Bought a pair of glowing gloves for 162 gold pieces
 12433 | D:11     | Reached skill level 5 in Fighting
 12433 | D:11     | Reached skill level 1 in Charms
 12476 | D:10     | Reached skill level 12 in Spellcasting
 12516 | D:10     | Noticed a hill giant
 12524 | D:10     | Killed a hill giant
 12524 | D:10     | Reached skill level 1 in Invocations
 12792 | D:10     | Noticed a hill giant
 12805 | D:10     | Killed a hill giant
 13186 | D:10     | Noticed a hill giant
 13197 | D:10     | Killed a hill giant
 13197 | D:10     | Acquired Sif Muna's third power
 13393 | D:11     | Reached XP level 11. HP: 58/63 MP: 21/34
 13537 | D:10     | Found a staircase to the Lair.
 13878 | Orc:1    | Entered Level 1 of the Orcish Mines
 14075 | Orc:1    | Found a bloodstained altar of Trog.
 14231 | Orc:1    | Found Khifric's Jewellery Emporium.
 14235 | Orc:2    | Noticed Erolcha
 14240 | Orc:2    | Killed Erolcha
 14752 | Orc:1    | Reached skill level 5 in Summonings
 14858 | D:9      | Bought a book of Conjurations for 450 gold pieces
 14864 | D:9      | Learned a level 5 spell: Iskenderun's Battlesphere
 14869 | D:9      | Learned a level 4 spell: Iskenderun's Mystic Blast
 15108 | Orc:2    | Found a roughly hewn altar of Beogh.
 15160 | Orc:3    | Found a staircase to the Elven Halls.
 15172 | Orc:4    | Entered Level 4 of the Orcish Mines
 15475 | D:9      | Bought a book of Hinderance for 300 gold pieces
 15481 | D:9      | Learned a level 4 spell: Petrify
 15544 | Lair:1   | Entered Level 1 of the Lair of Beasts
 15759 | Lair:2   | Noticed a seven-headed hydra
 15816 | Lair:1   | Reached skill level 1 in Transmutations
 16183 | Lair:1   | Reached skill level 5 in Ice Magic
 16183 | Lair:1   | Reached skill level 1 in Earth Magic
 16395 | Lair:2   | Killed a seven-headed hydra
 16395 | Lair:2   | Reached skill level 5 in Evocations
 17411 | Lair:1   | Noticed Harold
 17419 | Lair:1   | Killed Harold
 18804 | Lair:2   | Reached skill level 5 in Fire Magic
 18818 | Lair:2   | Reached XP level 12. HP: 69/69 MP: 18/35
 19154 | Lair:3   | Reached skill level 13 in Spellcasting
 19516 | Lair:3   | Reached skill level 5 in Air Magic
 20155 | Lair:4   | Reached skill level 5 in Invocations
 20414 | Lair:4   | Received a gift from Sif Muna
 20516 | Lair:4   | Learned a level 5 spell: Lightning Bolt
 20562 | Lair:4   | Noticed a six-headed hydra
 20617 | Lair:4   | Mangled by a six-headed hydra

Action                   |  1- 3 |  4- 6 |  7- 9 | 10-12 || total
-------------------------+-------+-------+-------+-------++-------
Melee: Short sword       |     1 |       |       |       ||     1
       Dagger            |     6 |    55 |   237 |   122 ||   420
 Cast: Magic Dart        |    74 |    86 |   334 |   290 ||   784
       Call Imp          |     1 |       |     2 |       ||     3
       Mephitic Cloud    |     3 |     7 |    33 |    12 ||    55
       Conjure Flame     |     3 |     6 |    22 |    87 ||   118
       Repel Missiles    |       |     2 |     4 |     1 ||     7
       Blink             |       |     6 |    12 |    22 ||    40
       Throw Icicle      |       |       |     8 |    44 ||    52
       Summon Ice Beast  |       |       |       |    44 ||    44
       Iskenderun's Myst |       |       |       |    61 ||    61
       Iskenderun's Batt |       |       |       |    26 ||    26
       Airstrike         |       |       |       |    13 ||    13
       Lightning Bolt    |       |       |       |     1 ||     1
Invok: Channel Energy    |       |       |       |    20 ||    20
       Forget Spell      |       |       |       |     1 ||     1
  Use: Scroll            |     9 |       |     8 |    15 ||    32
       Potion            |       |     1 |       |       ||     1
 Stab: Confused          |     1 |       |     6 |     1 ||     8
       Sleeping          |       |       |     2 |     3 ||     5
  Eat: Chunk             |     2 |     8 |    20 |    33 ||    63
       Beef jerky        |       |       |       |     1 ||     1
